 Dungeon Crawl Stone Soup version 0.29.0-4-gdea44cf6ec (webtiles) character file.

Game seed: 13458922288492308214

36 qw the Chopper (level 3, 0/21 HPs)
             Began as a Tengu Warper on Aug 28, 2022.
             Slain by an adder (3 damage)
             ... on level 2 of the Dungeon.
             The game lasted 00:00:07 (1089 turns).

qw the Chopper (Tengu Warper)                       Turns: 1089, Time: 00:00:08

Health: 0/21       AC: 10    Str: 13    XL:     3   Next: 37%
Magic:  0/7        EV:  3    Int: 13    God:
Gold:   28         SH:  0    Dex: 13    Spells: 6/6 levels left

rFire   . . .      SeeInvis .   Y - +1 hand axe
rCold   . . .      Faith    .   (no shield)
rNeg    . . .      Spirit   .   e - +0 plate armour
rPois   .          Reflect  .   (helmet restricted)
rElec   .          Harm     .   (no cloak)
rCorr   .          Rampage  .   (no gloves)
Will    .....                   (boots unavailable)
Stlth   ..........              (no amulet)
HPRegen 0.07/turn               (no ring)
MPRegen 0.10/turn               (no ring)

@: no status effects
A: beak, talons 3
a: no special abilities


You were on level 2 of the Dungeon.
You visited 1 branch of the dungeon, and saw 2 of its levels.

You collected 28 gold pieces.


Innate Abilities, Weirdness & Mutations

You have a beak for a mouth.
You have claws for feet.


   Skills:
 - Level 2.0 Fighting
 - Level 4.0 Axes
 - Level 1.0 Throwing
 + Level 1.2 Armour
 - Level 2.1 Dodging
 - Level 2.0 Spellcasting
 - Level 2.4 Translocations


You had 6 spell levels left.
You didn't know any spells.
Your spell library contained the following spells:

 Spells                   Type           Power      Damage    Failure   Level
 Blink                    Tloc           14%        N/A       100%        2
 Gell's Gravitas          Tloc           7%         N/A       100%        3
 Lesser Beckoning         Tloc           7%         N/A       100%        3
 Teleport Other           Tloc           7%         N/A       100%        3
 Manifold Assault         Tloc           7%         N/A       100%        5

Inventory:

Hand Weapons
 d - a +0 whip
 Y - a +1 hand axe (weapon)
Armour
 e - a +0 plate armour (worn)
Potions
 f - a potion of mutation {unknown}
 g - a potion of haste {unknown}
 m - a potion of ambrosia {unknown}
 n - a potion of invisibility {unknown}

Dungeon Overview and Level Annotations

Branches:
Dungeon (2/15)

Altars:
Gozag

Annotations:
D:2 Terence


Message History

You slash the bat!
You kill the bat!
You start resting.
HP restored.
Done exploring.
(D) Dungeon
Where to? (* - list waypoints, Enter - D:2, ? - help)
What level of the Dungeon? (default 1, ? - help)
You climb downwards.
Level annotation: Terence The adder bites you but does no damage.
Terence hits you but does no damage. The adder bites you but does no damage.
There is a stone staircase leading up here.
You hit Terence. Your kick misses Terence.
Terence is moderately wounded.
You closely miss the adder. The adder bites you but does no damage.
Terence hits you with a +1 antimagic flail.
You feel your power leaking away. The adder bites you but does no damage.
You hit Terence. You claw Terence, but do no damage.
Terence is moderately wounded.
You barely miss the adder.
You feel your willpower return.
Terence hits you with a +1 antimagic flail.
You feel your power leaking away. The adder bites you but does no damage.
You hit Terence. You claw Terence, but do no damage.
You peck Terence, but do no damage.
Terence is heavily wounded.
You closely miss the adder. The adder bites you but does no damage.
Terence drinks a potion.
Terence is healed!
The adder bites you.
You hit Terence. You claw Terence. You peck Terence.
Terence is heavily wounded.
You hit the adder.
Terence hits you with a +1 antimagic flail!
You feel your power leaking away. The adder bites you.
You die...

## .<# .## ..#
....#####..#
...........#
......@....####
.......@.......
......S).......
###............
#...?...)....
#...#########
#... #... ####


You could see Terence and an adder.

Vanquished Creatures
  A dart slug (D:1)
  4 ball pythons (D:1)
  4 bats (D:1)
  2 endoplasms (D:1)
  4 giant cockroaches (D:1)
  3 goblins (D:1)
  3 hobgoblins (D:1)
  2 quokkas (D:1)
  A frilled lizard (D:1)
  4 kobolds (D:1)
  2 rats (D:1)
30 creatures vanquished.

Notes
Turn   | Place    | Note
-------+----------+-------------------------------------------
     0 | D:1      | qw the Tengu Warper began the quest for the Orb.
     0 | D:1      | Reached XP level 1. HP: 12/12 MP: 4/4
     0 | D:1      | 0 ||| qw: Version: 0.1-a-89-g26bdef1
     0 | D:1      | 0 ||| qw: Game counter: 236
     0 | D:1      | 0 ||| qw: Always use a shield: true
     0 | D:1      | 0 ||| qw: God list: Okawaru
     0 | D:1      | 0 ||| qw: Allow faded altars: false
     0 | D:1      | 0 ||| qw: Do Orc after D:15 true
     0 | D:1      | 0 ||| qw: Do second Lair branch before Depths: true
     0 | D:1      | 0 ||| qw: Lair rune preference: random
     0 | D:1      | 0 ||| qw: Plans: Normal
     0 | D:1      | 0 ||| PLANNING D:1-11
    68 | D:1      | 68 ||| Stepping ~*~*~tactically~*~*~ (stealth).
    69 | D:1      | 69 ||| Stepping ~*~*~tactically~*~*~ (stealth).
    73 | D:1      | Reached XP level 2. HP: 17/17 MP: 6/6
    78 | D:1      | Reached skill level 3 in Axes
    81 | D:1      | 81 ||| Stepping ~*~*~tactically~*~*~ (stealth).
    83 | D:1      | 83 ||| Stepping ~*~*~tactically~*~*~ (hiding).
    90 | D:1      | 90 ||| Stepping ~*~*~tactically~*~*~ (stealth).
   608 | D:1      | Reached XP level 3. HP: 18/21 MP: 7/7
   644 | D:1      | Found an opulent altar of Gozag.
   649 | D:1      | 649 ||| Stepping ~*~*~tactically~*~*~ (stealth).
   743 | D:1      | Reached skill level 4 in Axes
   938 | D:1      | 938 ||| UPGRADING to +0 plate armour.
   948 | D:1      | 948 ||| DROPPING +0 leather armour.
   949 | D:1      | 949 ||| READING scroll labelled QEISOK AQUZO.
   950 | D:1      | 950 ||| READING scroll labelled EFUFETZO BIEPI.
   951 | D:1      | 951 ||| READING scroll labelled LEQAUR ADDIERY.
  1052 | D:1      | 1052 ||| READING scroll labelled RENY GE ILOME.
  1053 | D:1      | 1053 ||| READING scroll labelled ZET SEJAMEENAB.
  1054 | D:1      | 1054 ||| DROPPING scroll of blinking.
  1073 | D:2      | Noticed Terence
  1075 | D:2      | 1075 ||| STAIRDANCE
  1089 | D:2      | HP: 3/21 [Terence/+1 antimagic flail (9)]
  1089 | D:2      | Slain by an adder

Levels and vault maps discovered:
D:1:      nzn_arrival_settlement, layout_basic, serial_bayou_pond_e,
          minmay_misc_feat_roman, minmay_hexomino_r4
D:2:      layout_basic, shapermc_ecumenical_altar_pompeii, uniq_terence

Skill      XL: |  1  2  3 |
---------------+----------+-----
Axes           | 3 4 |  4.0
Fighting       | |  2.0
Throwing       | |  1.0
Armour         | |  1.2
Dodging        | |  2.1
Spellcasting   | |  2.0
Translocations | |  2.4

Action                   || total
-------------------------++-------
Melee: Hand axe          ||    57
       Peck              ||     7
       Kick              ||    16
Throw: Boomerang         ||     7
  Use: Scroll            ||     5
Armor: Leather armour    ||    11
       Plate armour      ||    11
Dodge: Dodged            ||    28

Table legend:
 A = Non-vault XP
 B = Vault XP
 C = Vault XP percentage of total XP
 D = Non-vault monster count
 E = Vault monster count
 F = Vault count percentage of total count
                 A         B        C        D         E       F
            +---------+---------+-------+---------+---------+-------
      Total |      40 |      12 |  23.1 |      23 |       7 |  23.3
            +---------+---------+-------+---------+---------+-------
        D:1 |      40 |      12 |  23.1 |      23 |       7 |  23.3
            +---------+---------+-------+---------+---------+-------
